 Dungeon Crawl Stone Soup version 0.30-a0-385-gfebfb9b408 (webtiles) character file.

Game seed: 8534069022863364253

3493 leviel the Cleaver (level 10, 0/86 HPs)
             Began as a Hill Orc Fighter on Dec 2, 2022.
             Killed from afar by an acid dragon (12 damage)
             ... with a splash of acid
             ... on level 8 of the Dungeon.
             The game lasted 00:11:18 (7422 turns).

leviel the Cleaver (Hill Orc Fighter)               Turns: 7422, Time: 00:11:19

Health: 0/86       AC: 11    Str: 24    XL:     10   Next: 7%
Magic:  13/13      EV:  6    Int:  8    God:
Gold:   390        SH: 17    Dex: 10    Spells: 9/9 levels left

rFire   x . .      SeeInvis .    a - +3 war axe
rCold   . . .      Faith    .    g - +8 kite shield "Nacvoesa" {Fly rF- rN++}
rNeg    + + .      Spirit   .    k - +0 plate armour
rPois   .          Reflect  .    (no helmet)
rElec   .          Harm     .    (no cloak)
rCorr   .          Rampage  .    o - +0 pair of gloves
Will    .....                    m - +0 pair of boots
Stlth   ..........               (no amulet)
HPRegen 0.34/turn                (no ring)
MPRegen 0.13/turn                (no ring)

@: corroded, flying
A: no striking features
a: no special abilities


You were on level 8 of the Dungeon.
You visited 2 branches of the dungeon, and saw 9 of its levels.

You collected 390 gold pieces.

Inventory:

Hand Weapons
 a - a +3 war axe (weapon)
Missiles
 j - 2 throwing nets (quivered)
Armour
 g - the +8 kite shield "Nacvoesa" (worn) {Fly rF- rN++}
   (You acquired it on level 2 of the Dungeon)

   rF:        It makes you vulnerable to fire.
   rN:        It greatly protects you from negative energy.
   Fly:       It grants you flight.
 k - a +0 plate armour (worn)
 m - a +0 pair of boots (worn)
 o - a +0 pair of gloves (worn)
Jewellery
 c - a +6 ring of strength
 i - a ring of magical power
Wands
 t - a wand of acid (13)
Scrolls
 d - 2 scrolls of identify {@r1}
 e - a scroll of vulnerability
 r - 2 scrolls of teleportation
Potions
 b - 2 potions of lignification {unknown}
 f - a potion of heal wounds
 h - 3 potions of degeneration {unknown}
 l - 5 potions of curing {unknown}
 p - 2 potions of resistance {unknown}
 q - 2 potions of brilliance {unknown}
 s - 3 potions of attraction {unknown}


   Skills:
 + Level 7.5 Fighting
 * Level 9.7 Axes
 + Level 6.9 Armour
 + Level 3.5 Dodging
 + Level 6.8 Shields
 - Level 5.0 Invocations
 + Level 4.1 Evocations


You had 9 spell levels left.
You didn't know any spells.
Your spell library contained the following spells:

 Spells                   Type           Power      Damage    Failure   Level
 Apportation              Tloc           0%         N/A       100%        1
 Freeze                   Ice            0%         1d3       100%        1
 Magic Dart               Conj           0%         1d3       100%        1
 Necrotise                Necr           0%         1d4       100%        1
 Summon Small Mammal      Summ           0%         N/A       100%        1
 Call Imp                 Summ           0%         N/A       100%        2
 Frozen Ramparts          Ice            0%         1d1       100%        3
 Hailstorm                Conj/Ice       0%         3d3       100%        3
 Ignite Poison            Fire/Tmut/Pois 0%         N/A       100%        3
 Inner Flame              Hex/Fire       0%         N/A       100%        3
 Kindle Blastsparks       Fire/Tloc/Air  0%         2d10      100%        3
 Mephitic Cloud           Conj/Pois/Air  0%         N/A       100%        3
 Cause Fear               Hex            0%         N/A       100%        4
 Freezing Cloud           Conj/Ice/Air   0%         6-21      100%        5
 Discord                  Hex            0%         N/A       100%        8


Dungeon Overview and Level Annotations

Branches:
Dungeon (8/15)             Temple (1/1) D:4
   Lair: D:8-11

Altars:
Ashenzari
Cheibriados
Dithmenos
Elyvilon
Fedhas
Gozag
Hepliaklqana
Kikubaaqudgha
Nemelex Xobeh
Qazlal
Sif Muna
Uskayaw
Vehumet
Wu Jian
Yredelemnul
The Shining One
Beogh

Portals:
Abyss: D:5

Annotations:
D:4 Pikel
D:5 2 transporters, Darkkill's ghost, amateur MiHu


Message History

You hit the steam dragon.
The steam dragon is lightly wounded.
You are engulfed in a cloud of scalding steam.
* * * LOW HITPOINT WARNING * * *
You block the steam dragon's attack. The steam dragon barely misses you.
You block the bullfrog's attack.
You closely miss the steam dragon.
The steam dragon is lightly wounded.
You slash the bullfrog! The bullfrog hits you!
* * * LOW HITPOINT WARNING * * *
You block the steam dragon's attack. The steam dragon claws you.
* * * LOW HITPOINT WARNING * * *
You block the bullfrog's attack.
You feel much better. The steam dragon breathes steam at you.
The ball of steam misses you. The bullfrog hits you.
You hear a shout!
You slash the steam dragon!
The steam dragon is heavily wounded.
You closely miss the bullfrog.
You are engulfed in a cloud of scalding steam.
You block the bullfrog's attack. You block the steam dragon's attack.
The steam dragon claws you.
The bullfrog hits you but does no damage.
The bullfrog attacks as you move away!
The bullfrog hits you but does no damage.
An acid dragon comes into view.
You block the steam dragon's attack. The steam dragon completely misses you.
A white imp comes into view.
Okay, then.
You slice the steam dragon!!
You kill the steam dragon!
You hit the bullfrog. You block the bullfrog's attack.
The acid dragon spits acid at you. The splash of acid hits you!!
* * * LOW HITPOINT WARNING * * *
The acid corrodes you! The bullfrog barely misses you.
The acid dragon spits acid at you. The splash of acid hits you!
You die...

..#.....D....
###......5......
...............(.#..... .
#..?.................#
..##............[......
......?.......###....#
#....F...).......#
.##...@............# ## .
.......†§...........#..#
..
................<.......
.............##..###......
....##.......##.#.......#
##. ##..............##..#
#...#..#............#####
#...##....#))......#
#....#....#.#......#


You could see an acid dragon (catching breath), a bullfrog and a white imp.

Vanquished Creatures
  Grinder (D:3)
  6 yaks (D:7)
  2 steam dragons
  Menkaure (D:4)
  A water moccasin (D:5)
  3 ice beasts
  2 black bears
  A centaur (D:5)
  2 phantoms
  4 lemures
  A kobold brigand (D:6)
  A scorpion (D:5)
  5 killer bees (D:8)
  An electric eel (D:7)
  3 howler monkeys (D:7)
  5 hounds
  7 orc priests
  A gnoll bouda (D:7)
  3 iguanas
  7 orc wizards
  11 gnolls
  5 adders
  A shadow imp (D:6)
  An ufetubus (D:4)
  9 worms
  A dart slug (D:3)
  23 orcs
  5 endoplasms
  2 giant cockroaches
  10 goblins
  3 hobgoblins (D:3)
  4 quokkas
  7 ball pythons
  6 bats
  4 frilled lizards
  12 kobolds
  2 rats (D:2)
163 creatures vanquished.

Notes
Turn   | Place    | Note
-------+----------+-------------------------------------------
     0 | D:1      | leviel the Hill Orc Fighter began the quest for the Orb.
     0 | D:1      | Reached XP level 1. HP: 19/19 MP: 1/1
   341 | D:1      | Reached XP level 2. HP: 26/27 MP: 2/2
   413 | D:1      | Reached skill level 3 in Axes
   944 | D:2      | Reached XP level 3. HP: 23/33 MP: 3/3
  1178 | D:2      | Reached XP level 4. HP: 31/40 MP: 4/4
  1327 | D:2      | Identified a scroll of acquirement
  1327 | D:2      | Acquired the +8 kite shield "Nacvoesa" {Fly rF- rN++}
  1729 | D:3      | Noticed Grinder
  1756 | D:3      | Paralysed by Grinder for 2 turns
  1765 | D:3      | Killed Grinder
  1766 | D:3      | Reached skill level 5 in Fighting
  1766 | D:3      | Reached skill level 4 in Axes
  1766 | D:3      | Reached XP level 5. HP: 37/48 MP: 5/5
  1766 | D:3      | Reached XP level 6. HP: 44/56 MP: 6/6
  2158 | D:3      | Found a faded altar of an unknown god.
  2425 | D:3      | Reached skill level 5 in Axes
  2675 | D:4      | Identified the +1 spear "Ufiv Pee" {elec, rC+ SInv}
  2760 | D:4      | Reached skill level 1 in Invocations
  2924 | D:4      | Noticed Pikel
  2940 | D:4      | Reached XP level 7. HP: 41/61 MP: 7/7
  3211 | D:4      | Reached skill level 5 in Armour
  3412 | D:4      | Reached skill level 1 in Evocations
  3433 | D:4      | Found a staircase to the Ecumenical Temple.
  3449 | Temple   | Entered the Ecumenical Temple
  3472 | D:4      | Noticed Menkaure
  3481 | D:4      | Killed Menkaure
  3482 | D:4      | Reached skill level 1 in Dodging
  3482 | D:4      | Reached skill level 5 in Shields
  3874 | D:5      | Entered Level 5 of the Dungeon
  3877 | D:5      | Reached skill level 6 in Axes
  3975 | D:5      | Reached XP level 8. HP: 53/70 MP: 9/9
  4071 | D:5      | Found a transporter.
  4079 | D:5      | Found a transporter.
  4355 | D:5      | Noticed an ancient zyme
  4394 | D:5      | Noticed a small abomination
  4405 | D:5      | Found a one-way gate to the infinite horrors of the Abyss.
  4405 | D:5      | Noticed Darkkill's ghost (amateur MiHu)
  4477 | D:5      | HP: 1/70 [water moccasin (8)]
  4485 | D:5      | Reached skill level 7 in Axes
  4804 | D:5      | Found a broken altar of Ashenzari.
  4807 | D:5      | Found a radiant altar of Vehumet.
  4810 | D:5      | Found a glowing golden altar of the Shining One.
  4833 | D:5      | Found a sparkling altar of Nemelex Xobeh.
  5637 | D:6      | Reached XP level 9. HP: 60/78 MP: 12/12
  6320 | D:7      | Reached skill level 8 in Axes
  6391 | D:7      | Reached skill level 5 in Invocations
  6397 | D:7      | Reached skill level 9 in Axes
  7124 | D:7      | Found a roughly hewn altar of Beogh.
  7360 | D:8      | Reached XP level 10. HP: 84/86 MP: 13/13
  7422 | D:8      | Killed from afar by an acid dragon

Illustrated notes

Levels and vault maps discovered:
D:1:      nicolae_arrival_somewhat_less_tricky_arrival, layout_basic,
          hangedman_decor_push, dk_noncrumbling_3
D:2:      layout_basic, minmay_octomino_j4
D:3:      layout_basic, hellmonk_ecumenical_altar_leap_of_faith,
          nicolae_eternal_life, corexii_item_surrounded_by_moat,
          palyth_stone_intersect, nicolae_wormholes, uniq_grinder
D:4:      layout_basic, minmay_temple_entry_slanted, hangedman_decor_points,
          minmay_splitting_lines, dreamdust_wishing_well, nrook_uturn,
          uniq_pikel, uniq_menkaure
D:5:      layout_rooms, grunt_temple_overflow_cloverleaf,
          gammafunk_ghost_abyssal_escape, dreamdust_princess_bridge,
          uniq_crazy_yiuf_cottage
D:6:      layout_basic
D:7:      layout_loops_ring, nicolae_kite_square_tiling_tiny,
          david_defended_altar_orc
D:8:      minmay_evil_eye, layout_cave_pools, zin_purify,
          mainiacjoe_overflow_catch_the_wave, uniq_maggie
Temple:   nicolae_temple_no_exploring_needed

Skill      XL: |  1  2  3  4  5  6  7  8  9 10 |
---------------+-------------------------------+-----
Axes           | 3 4 5 6 7 9 |  9.7
Fighting       | 4 5 6 7 |  7.5
Armour         | 4 5 6 |  6.9
Shields        | 4 5 6 |  6.8
Invocations    | 1 2 4 5 |  5.0
Evocations     | 1 2 3 4 |  4.1
Dodging        | 1 2 3 |  3.5

Action                   |  1- 3 |  4- 6 |  7- 9 | 10-12 || total
-------------------------+-------+-------+-------+-------++-------
Melee: War axe           |    73 |   161 |   361 |    24 ||   619
  Use: Scroll            |       |     1 |    14 |       ||    15
       Potion            |       |     1 |     6 |     1 ||     8
Armor: Scale mail        |    27 |    45 |    68 |       ||   140
       Plate armour      |       |       |    40 |    26 ||    66
Dodge: Dodged            |    35 |    41 |    91 |    17 ||   184
Block: Buckler           |    20 |     4 |       |       ||    24
       Kite shield       |       |   134 |   353 |    38 ||   525

Table legend: (Time is in decaauts)
 A = Elapsed time spent in this place.
 B = Non-inter-level travel time spent in this place.
 C = Inter-level travel time spent in this place.
 D = Time resting spent in this place.
 E = Time spent auto-exploring this place.
 F = Levels seen in this place.
 G = Mean time per level.
                   A        B        C        D        E       F      G
               +--------+--------+--------+--------+--------+-----+--------+
         Total |   7639 |   7387 |    252 |   1036 |   4909 |   9 |  848.8 |
       Dungeon |   7637 |   7385 |    252 |   1036 |   4909 |   8 |  954.6 |
        Temple |      1 |      1 |      0 |      0 |      0 |   1 |    1.0 |
               +--------+--------+--------+--------+--------+-----+--------+

Top non-repeatable levels by time:
     D:4: 1245 daAuts
     D:6: 1195 daAuts
     D:5: 1137 daAuts
     D:7: 1106 daAuts
     D:3: 1097 daAuts
     D:2: 995 daAuts
     D:1: 755 daAuts
     D:8: 103 daAuts
  Temple: 1 daAuts
